AoeStats
← Bo Xilai stan

MegaRandom

510430781Analyzed
2v2 RM · 1d ago on Oct 1, 2026· 73m 10s· 4 players
Game mode
Random Map
Map size
Medium (4 player)
Population
200
Speed
Normal
Resources
Standard
Victory
Conquest
Starting age
Dark Age
Ending age
Imperial Age
RankedLock teamsTeams togetherTeam positionsShared explorationLock speedFull tech treeHidden civsTurbo modeCheats
Victory
Defeat
🇵🇪 Dravidians · Peru
1005
+14
🇹🇹 Bulgarians · Trinidad & Tobago
932
+17
🇺🇸 Sicilians · United States
973
-16
🇺🇸 Italians · United States
955
-15
Bo Xilai stan
7:10 Loom
11:03 Feudal Age
11:38 Town Watch
25:55 Castle Age
31:14 Double-Bit Axe
38:11 Horse Collar
40:12 Town Patrol
40:48 Wheelbarrow
40:21 Stone Mining
41:31 Fletching
41:53 Husbandry
42:04 Bloodlines
43:18 Gold Mining
46:01 Bodkin Arrow
46:43 Ballistics
47:17 Man-at-Arms
47:42 Gambesons
47:58 Squires
51:20 Imperial Age
49:23 Hand Cart
49:31 Long Swordsman
50:26 Forging
50:16 Scale Mail Armor
51:59 Two-Handed Swordsman
53:25 Iron Casting
53:05 Chain Mail Armor
53:02 Champion
53:30 Arson
55:58 Elite Skirmisher
57:19 Onager
65:16 Siege Onager
68:57 Blast Furnace
68:27 Plate Mail Armor
67:58 Bracer
Officer Friendly
10:58 Feudal Age
11:26 Double-Bit Axe
11:35 Loom
19:02 Castle Age
17:49 Fishing Lines
20:08 Crossbowman
20:59 Thumb Ring
20:49 Fletching
21:59 Bow Saw
22:15 Bodkin Arrow
22:21 Padded Archer Armor
22:37 Horse Collar
25:43 Leather Archer Armor
27:14 Heavy Plow
29:37 Wheelbarrow
29:29 Ballistics
33:18 Imperial Age
32:10 Hand Cart
35:40 Town Watch
35:19 Arbalester
37:05 Chemistry
36:09 Bracer
39:17 Elite Genoese Crossbowman
44:38 Medium Warships
49:06 Pirotechnia
50:30 Crop Rotation
58:11 Silk Road
59:06 Caravan
59:53 Conscription
63:16 Masonry
Immortalz
5:07 Loom
12:05 Feudal Age
13:45 Arson
14:45 Scale Mail Armor
14:55 Forging
21:18 Double-Bit Axe
29:19 Castle Age
27:19 Horse Collar
28:44 Gold Mining
28:48 Stone Mining
30:34 Wheelbarrow
29:45 Town Watch
35:48 Imperial Age
33:53 Gambesons
34:09 Squires
37:02 Wheelbarrow
38:01 Chain Mail Armor
38:21 Iron Casting
37:53 Elite Skirmisher
40:22 Fletching
40:32 Padded Archer Armor
41:03 Plate Mail Armor
41:36 Bodkin Arrow
42:42 Bow Saw
43:10 Gold Shaft Mining
43:00 Medium Warships
44:52 Conscription
44:40 Bracer
44:55 Leather Archer Armor
45:42 Blast Furnace
48:34 Hand Cart
48:43 Caravan
50:26 Heavy Plow
51:50 Bagains
63:09 Ballistics
62:55 Siege Engineers
63:50 Chemistry
62:13 Capped Ram
65:10 Siege Ram
66:27 Onager
67:13 Heavy Scorpion
APOLO
10:34 Feudal Age
10:17 Loom
15:25 Castle Age
27:06 Wheelbarrow
31:05 Gold Mining
33:20 Hand Cart
33:33 Horse Collar
35:49 Double-Bit Axe
38:55 Imperial Age
35:49 Pikeman
36:29 Squires
37:36 Fletching
37:47 Padded Archer Armor
39:32 Elite Skirmisher
40:18 Thumb Ring
40:28 Elite Skirmisher
41:26 Bow Saw
41:41 Leather Archer Armor
41:22 Bodkin Arrow
43:10 Chemistry
42:31 Ballistics
42:25 Bracer
44:31 Ring Archer Armor
45:12 Thumb Ring
47:51 Gambesons
48:22 Stone Mining
48:38 Heavy Plow
49:31 Town Watch
52:35 Medical Corps
52:51 Conscription
53:07 Hoardings
53:53 Two-Man Saw
53:24 Forging
53:16 Scale Mail Armor
53:35 Masonry
53:21 Murder Holes
55:23 Chain Mail Armor
55:43 Iron Casting
55:56 Elite Elephant Archer
59:47 Elite Urumi Swordsman
65:05 Siege Elephant
Connection lost

Rejoining the realm…

Still unreachable

The connection could not be restored.

Session expired

The server has moved on; the page needs a fresh start.